 Dungeon Crawl Stone Soup version 0.31-a0-868-g674d60d6f7 (webtiles) character file.

Game seed: 15407803232591382862

16 avis the Charlatan (level 2, 12/12 HPs)
             Began as a Felid Artificer on Oct 11, 2023.
             Got out of the dungeon alive.
             The game lasted 00:03:46 (639 turns).

avis the Charlatan (Felid Artificer)                 Turns: 639, Time: 00:03:46

Health: 12/12      AC:  1    Str:  8    XL:     2   Next: 41%
Magic:  3/3        EV: 18    Int: 12    God:
Gold:   23         SH:  0    Dex: 16    Spells: 1/1 levels left
                                        Lives:  0   Deaths: 1

rFire   . . .        (weapon unavailable)
rCold   . . .        (shield unavailable)
rNeg    . . .        (body armour unavailable)
rPois   .            (helmet unavailable)
rElec   .            (cloak unavailable)
rCorr   .            (gloves unavailable)
SInv    +            (boots unavailable)
Will    .....        (no amulet)
Stlth   ++           (no ring)
HPRegen 0.22/turn    (no ring)
MPRegen 0.08/turn

%: no passive effects
@: quick
A: very small, claws 1, fangs 3, see invisible, speed 1, shaggy fur 1, stealthy
paws, no weapons or thrown items, no armour, multi-lived
a: no special abilities


You escaped.
You visited 1 branch of the dungeon, and saw 1 of its levels.

You collected 23 gold pieces.

Inventory:

Jewellery
 e - a +6 ring of strength
Wands
 a - a wand of flame (13) (quivered)
 b - a wand of charming (15)
 c - a wand of iceblast (5)
Scrolls
 f - a scroll of identify {unknown}
Potions
 d - a potion of degeneration {unknown}
 g - a potion of attraction {unknown}


   Skills:
 * Level 1.6 Fighting
 - Level 3.2 Dodging
 - Level 1.3 Stealth
 - Level 4.0 Evocations


You had one spell level left.
You didn't know any spells.
Your spell library contained the following spells:

 Spells                   Type           Power      Damage    Failure   Level
 Inner Flame              Hex/Fire       0%         N/A       69%         3
 Yara's Violent Unravell  Hex/Tmut       0%         3d3       100%        5
 Enfeeble                 Hex            0%         N/A       100%        7


Dungeon Overview and Level Annotations

Branches:
Dungeon (1/15)

Altars:


Innate Abilities, Weirdness & Mutations

You have sharp claws.
You have razor-sharp teeth.
You have supernaturally acute eyesight. (SInv)
You cover ground quickly. (Speed+)
You are covered in fur. (AC +1)
Your paws help you pounce on unaware monsters.
You are incapable of wielding weapons or throwing items.
You cannot wear armour.
You gain extra lives every three experience levels.


Message History

a +0 dagger; a goblin corpse You start resting.
HP restored.
A frilled lizard comes into view.
The helpless frilled lizard fails to defend itself.
You scratch the frilled lizard.
You kill the frilled lizard!
Found a stone staircase leading down.
A gnoll comes into view. It is wielding a +0 club.
There is a stone staircase leading down here.
Aiming: Throw Flame
Press: ? - help, Shift-Dir - straight line, f - gnoll
Aim: a gnoll, wielding a +0 club (75% to hit)
The puff of flame hits the gnoll.
The gnoll is moderately wounded.
You scratch the gnoll.
The gnoll is severely wounded.
The gnoll hits you with a +0 club!
Ouch! That really hurt!
You scratch the gnoll.
The gnoll is severely wounded.
The gnoll closely misses you.
You scratch the gnoll but do no damage.
The gnoll is severely wounded.
The gnoll closely misses you.
You barely miss the gnoll.
The gnoll is severely wounded.
The gnoll misses you.
Aiming: Throw Flame
Press: ? - help, Shift-Dir - straight line, f/p - gnoll
Aim: a gnoll, wielding a +0 club (severely wounded, 75% to hit)
The puff of flame misses the gnoll.
The gnoll misses you.
You scratch the gnoll.
The gnoll is almost dead.
The gnoll hits you with a +0 club!
Ouch! That really hurt!
You die...
You rejoin the land of the living...
There is a staircase leading out of the dungeon here.
You have escaped!

.####.....#..#.#...#######.#
.# #.....#.............##.# .#
###.###........####.##.# .#
#...........## #.##.# .#
#####.....### #.##.# .#
#..#.## #.##.###
.##########..#.## #......#
......†.........#### #..##..#
.###########.##.@>.####..##..#
## #.##.##...##..##..#
#.##...##.##......#
#.........##.#.####
#####.######.#.#
####.######.#.#
#...........#.#######
#.##.######..†....... #.##.#
#.#.######.


There were no monsters in sight!

Vanquished Creatures
  A dart slug (D:1)
  An endoplasm (D:1)
  A giant cockroach (D:1)
  2 goblins (D:1)
  3 hobgoblins (D:1)
  A quokka (D:1)
  A ball python (D:1)
  A bat (D:1)
  A frilled lizard (D:1)
  A rat (D:1)
13 creatures vanquished.

Notes
Turn   | Place    | Note
-------+----------+-------------------------------------------
     0 | D:1      | avis the Felid Artificer began the quest for the Orb.
     0 | D:1      | Reached XP level 1. HP: 9/9 MP: 2/2
   330 | D:1      | Reached skill level 4 in Evocations
   330 | D:1      | Reached XP level 2. HP: 7/12 MP: 3/3
   623 | D:1      | Slain by a gnoll
   639 | D:$      | Got out of the dungeon alive.

Illustrated notes

Levels and vault maps discovered:
D:1:      dpeg_arrival_tiny_a, layout_loops_ring

Skill      XL: |  1 |
---------------+----+-----
Evocations     | 4 |  4.0
Fighting       | |  1.6
Dodging        | |  3.2
Stealth        | |  1.3

Action                     || total
---------------------------++-------
  Melee: Unarmed           ||    66
         Bite              ||     4
         Punch             ||     1
  Evoke: Wand              ||     2
   Stab: Sleeping          ||     1
 Armour: Skin              ||    24
  Dodge: Dodged            ||    57

Table legend: (Time is in decaauts)
 A = Elapsed time spent in this place.
 B = Non-inter-level travel time spent in this place.
 C = Inter-level travel time spent in this place.
 D = Time resting spent in this place.
 E = Time spent auto-exploring this place.
 F = Levels seen in this place.
 G = Mean time per level.
                   A        B        C        D        E       F      G
               +--------+--------+--------+--------+--------+-----+--------+
         Total |    543 |    532 |     11 |     78 |    244 |   1 |  543.0 |
       Dungeon |    543 |    532 |     11 |     78 |    244 |   1 |  543.0 |
               +--------+--------+--------+--------+--------+-----+--------+

Top non-repeatable levels by time:
     D:1: 543 daAuts
